 Dungeon Crawl Stone Soup version 0.29.1-2-gbd0b4ee654 (webtiles) character file.

Game seed: 8850782557395812242

217 GigaChad the Covered (level 5, -18/47 HPs)
             Began as a Minotaur Fighter on Nov 25, 2022.
             Was an Initiate of Ashenzari.
             Killed from afar by Maggie (30 damage)
             ... with a bolt of fire
             ... on level 7 of the Dungeon.
             The game lasted 00:05:45 (2758 turns).

GigaChad the Covered (Minotaur Fighter)             Turns: 2758, Time: 00:05:46

Health: -18/47     AC: 12    Str: 22    XL:     5   Next: 62%
Magic:  4/4        EV:  6    Int:  5    God:    Ashenzari [......]
Gold:   93         SH:  4    Dex: 10    Spells: 4/4 levels left

rFire   . . .      SeeInvis .   a - +0 war axe
rCold   . . .      Faith    .   c - +0 buckler
rNeg    . . .      Spirit   .   g - +0 plate armour of the Prescient Sky {Cun, Elem} (curse)
rPois   .          Reflect  .   (helmet restricted)
rElec   .          Harm     .   (no cloak)
rCorr   .          Rampage  .   (no gloves)
Will    .....                   (no boots)
Stlth   ..........              (no amulet)
HPRegen 0.15/turn               (no ring)
MPRegen 0.09/turn               (no ring)

@: mesmerised
A: horns 2, retaliatory headbutt
a: Renounce Religion, Shatter the Chains


You were on level 7 of the Dungeon.
You worshipped Ashenzari.
Ashenzari was noncommittal.
You visited 1 branch of the dungeon, and saw 5 of its levels.

You collected 93 gold pieces.

Inventory:

Hand Weapons
 a - a +0 war axe (weapon)
Armour
 b - a +0 scale mail
 c - a +0 buckler (worn)
 g - the cursed +0 plate armour of the Prescient Sky (worn) {Cun, Elem}
   (You found it on level 1 of the Dungeon)

   It has a curse which improves the following skills: Cunning: Dodging and
   Stealth.
   Elements:  Fire Magic, Ice Magic, Air Magic and Earth Magic.
Jewellery
 o - an amulet of reflection
Wands
 p - a wand of charming (11)
Scrolls
 f - 2 scrolls of fog {unknown}
 i - 3 scrolls of identify {unknown}
 l - a scroll of teleportation {unknown}
 q - a scroll of amnesia {unknown}
Potions
 d - 2 potions of might
 e - 3 potions of curing {unknown}
 h - a potion of cancellation {unknown}
 j - a potion of flight {unknown}
 k - a potion of magic {unknown}
 m - a potion of haste {unknown}
 n - a potion of mutation {unknown}


   Skills:
 + Level 4.7 Fighting
 + Level 4.7 Axes
 + Level 5.0 Armour
 - Level 0.1 Dodging
 * Level 4.6 Shields


You had 4 spell levels left.
You didn't know any spells.
Your spell library was empty.

Dungeon Overview and Level Annotations

Branches:
Dungeon (4/15)
 Temple: D:4-7

Altars:
Ashenzari
Dithmenos
Elyvilon
Fedhas
Okawaru
Trog

Shops:
D:1 !(

Annotations:
D:4 1 transporter, cdecastro's ghost, amateur GrEE
D:7 Maggie


Innate Abilities, Weirdness & Mutations

You have a pair of horns on your head.
You reflexively headbutt those who attack you in melee.


Message History

You closely miss the hound. Your headbutt misses the hound.
The hound is severely wounded.
The hound bites you but does no damage. x2
You barely miss the hound. Your headbutt misses the hound.
The hound is severely wounded.
The hound barely misses you. You furiously retaliate!
You headbutt the hound!
You kill the hound!
Your Armour skill increases to level 5!
Found 12 gold pieces.
Found a stone staircase leading up.
A sourceless malevolence fills the Dungeon...
You fall into a shaft and drop 3 floors!
The shaft crumbles and collapses.
You open the door.
There is an open door here.
Found a mace.
Found 4 gold pieces.
You now have 93 gold pieces (gained 4).
Maggie the Vainglorious comes into view.
She is wielding a +0 broad axe of distortion.
Maggie shouts!
Maggie gestures wildly while chanting.
Maggie attempts to bespell you!
You are mesmerised by Maggie!
Maggie hits you with a +0 broad axe of distortion!
You blink.
Maggie hits you but does no damage.
You barely miss Maggie. You headbutt Maggie, but do no damage.
Maggie hits you with a +0 broad axe of distortion.
Space warps around you.
You hit Maggie but do no damage.
Maggie says, "Leave now, and tell all of Margery's mercy!"
Maggie barely misses you.
You closely miss Maggie.
Maggie hits you with a +0 broad axe of distortion!
Space warps around you.
* * * LOW HITPOINT WARNING * * *
Maggie gestures at you while chanting. The bolt of fire hits you!!
Ouch! That really hurt!
You die...

#.....#. ##### #....##
#...########....##
#.................
#...............##
#...............##
########.......)........#
#.......................+
#......@@...............#
#......................##
#.....###..##...######+#.
###### #######+# ......
...... ...... ......
...... .....#


You could see Maggie (mesmerising).

Vanquished Creatures
  A scorpion (D:4)
  A hound (D:4)
  3 gnolls (D:4)
  3 adders
  A worm (D:3)
  2 dart slugs
  3 orcs (D:3)
  4 bats
  2 endoplasms
  4 giant cockroaches
  3 goblins
  9 hobgoblins
  5 jackals
  8 kobolds
  2 quokkas (D:3)
  3 ball pythons
  3 frilled lizards
  3 rats
60 creatures vanquished.

Notes
Turn   | Place    | Note
-------+----------+-------------------------------------------
     0 | D:1      | GigaChad the Minotaur Fighter began the quest for the Orb.
     0 | D:1      | Reached XP level 1. HP: 19/19 MP: 0/0
    66 | D:1      | Found Xiv Etue's Distillery.
    83 | D:1      | Found Feeckoze's Weapon Emporium.
   302 | D:1      | Reached XP level 2. HP: 24/27 MP: 1/1
   315 | D:1      | Reached skill level 4 in Armour
   785 | D:2      | Reached XP level 3. HP: 17/33 MP: 2/2
  1188 | D:2      | Found a faded altar of an unknown god.
  1352 | D:3      | Found a broken altar of Ashenzari.
  1360 | D:3      | Became a worshipper of Ashenzari the Shackled
  1602 | D:3      | Reached XP level 4. HP: 27/40 MP: 3/3
  2307 | D:4      | Found a transporter.
  2312 | D:4      | Noticed cdecastro's ghost (amateur GrEE)
  2314 | D:4      | Identified the +8 dire flail "Filo" {antimagic, rPois rC+
                  | Str-3 Int+5}
  2314 | D:4      | Noticed an ogre
  2314 | D:4      | Noticed an ogre
  2316 | D:4      | Found an iron altar of Okawaru.
  2325 | D:4      | Found a shadowy altar of Dithmenos.
  2327 | D:4      | Found a bloodstained altar of Trog.
  2328 | D:4      | Found a white marble altar of Elyvilon.
  2370 | D:4      | Noticed a scorpion
  2377 | D:4      | Killed a scorpion
  2378 | D:4      | Reached XP level 5. HP: 47/47 MP: 4/4
  2416 | D:4      | Found a blossoming altar of Fedhas.
  2694 | D:4      | Reached skill level 5 in Armour
  2704 | D:4      | You fall into a shaft and drop 3 floors!
  2748 | D:7      | Noticed Maggie
  2758 | D:7      | Killed from afar by Maggie

Illustrated notes

Levels and vault maps discovered:
D:1:      ncdulo_smallfort, layout_rooms, serial_shops, shop,
          nicolae_shop_stone, st_stairs_9, minivault_23
D:2:      layout_basic, hellmonk_ecumenical_altar_lost_god,
          nicolae_figureground_sparkle
D:3:      layout_basic, mainiacjoe_overflow_surrounded_room, minivault_23
D:4:      layout_loops_cross, mainiacjoe_overflow_alcove_3,
          mainiacjoe_overflow_brackets, lemuel_round_altar,
          lemuel_coloured_pillars_altar, gammafunk_ghost_smash,
          uniq_crazy_yiuf_cottage, uniq_menkaure
D:7:      layout_gridville, mainiacjoe_overflow_24_doors,
          gammafunk_ghost_nasty_kobolds, uniq_maggie

Skill      XL: |  1  2  3  4  5 |
---------------+----------------+-----
Armour         | 4 5 |  5.0
Fighting       | 4 |  4.7
Shields        | 4 |  4.6
Axes           | 3 4 |  4.7
Dodging        | |  0.1

Action                   |  1- 3 |  4- 6 || total
-------------------------+-------+-------++-------
Melee: War axe           |    96 |    51 ||   147
       Headbutt          |    10 |     5 ||    15
Invok: Curse Item        |       |     1 ||     1
Armor: Scale mail        |    17 |       ||    17
       Plate armour      |   100 |    39 ||   139
Dodge: Dodged            |    56 |    23 ||    79
Block: Buckler           |    32 |    14 ||    46
